 Dungeon Crawl Stone Soup version 0.32-a0-314-g526f7d4993 (webtiles) character file.

Game seed: 16601228600594920358

429 jasper the Cleaver (level 6, 1/51 HPs)
             Began as a Mountain Dwarf Fighter on Feb 15, 2024.
             Was an Initiate of Okawaru.
             Quit the game on level 5 of the Dungeon.
             The game lasted 00:07:35 (3903 turns).

jasper the Cleaver (Mountain Dwarf Fighter)         Turns: 3903, Time: 00:07:36

Health: 1/51       AC:  6    Str: 27    XL:     6   Next: 66%
Magic:  6/6        EV:  9    Int:  8    God:    Okawaru [......]
Gold:   97         SH:  5    Dex:  9    Spells: 5/5 levels left

rFire   + . .        a - +0 war axe
rCold   . . .        c - +1 buckler
rNeg    . . .        b - +0 scale mail
rPois   .            (no helmet)
rElec   .            (no cloak)
rCorr   .            (no gloves)
SInv    .            (no boots)
Will    .....        (no amulet) Stlth
                     l - ring of protection from fire
HPRegen 0.28/turn    d - +6 ring of strength
MPRegen 0.10/turn

%: no passive effects
@: lethally poisoned (1 -> -2)
A: runic magic, artefact enchanting
a: Renounce Religion


You were on level 5 of the Dungeon.
You worshipped Okawaru.
Okawaru was noncommittal.
You visited 2 branches of the dungeon, and saw 7 of its levels.

You collected 236 gold pieces.
You spent 139 gold pieces at shops.

Inventory:

Hand Weapons
 a - a +0 war axe (weapon)
Missiles
 f - 6 datura-tipped darts
 g - 23 stones (quivered)
 h - a poisoned dart
 k - 6 atropa-tipped darts
Armour
 b - a +0 scale mail (worn)
 c - a +1 buckler (worn)
Jewellery
 d - a +6 ring of strength (right hand)
 l - a ring of protection from fire (left hand)
Wands
 j - a wand of flame (16)
Scrolls
 i - 3 scrolls of vulnerability
 m - 3 scrolls of fear
 o - 3 scrolls of teleportation
 r - 2 scrolls of identify
Potions
 e - a potion of mutation
 n - a potion of brilliance


   Skills:
 - Level 3.2 Fighting
 + Level 8.7 Axes
 - Level 3.2 Armour
 - Level 3.2 Shields


You had 5 spell levels left.
You didn't know any spells.
Your spell library contained the following spells:

 Spells                   Type           Power      Damage    Failure   Level
 Sandblast                Erth           0%         2d4       52%         1
 Passwall                 Erth           0%         N/A       88%         3
 Stone Arrow              Conj/Erth      0%         3d7       88%         3
 Brom's Barrelling Bould  Conj/Erth      0%         2d3       99%         4


Dungeon Overview and Level Annotations

Branches:
Dungeon (6/15)             Temple (1/1) D:5

Altars:
Ashenzari
Cheibriados
Dithmenos
Elyvilon
Hepliaklqana
Kikubaaqudgha
Makhleb
Okawaru
Trog
Uskayaw
Vehumet
Wu Jian
Xom
The Shining One

Shops:
D:2 ?   D:4 ?

Annotations:
D:5 Edmund, Sigmund


Innate Abilities, Weirdness & Mutations

Your spellcasting is much less encumbered by armour.
You can use scrolls of enchantment on lesser artefacts.


Message History

You take 2 damage, and have 19/51 hp.
You completely miss the kobold.
You feel sick. The kobold hits you but does no damage.
You are more poisoned.
You take 2 damage, and have 17/51 hp.
You slash the kobold!
You kill the kobold!
You feel very sick.
You take 2 damage, and have 15/51 hp.
Okay, then.
You start resting.
You feel very sick.
You feel sick. x8
You are no longer poisoned.
You take 11 damage, and have 4/51 hp.
MASSIVE DAMAGE!!
You start resting.
A kobold brigand comes into view.
It is wielding a +0 dagger and quivering poisoned darts.
You regained 12 hp, and now have 16/51 hp.
The kobold brigand throws a poisoned dart.
The poisoned dart hits you!
You are poisoned.
A kobold comes into view. It is wielding a +0 club.
Items here: ( ))) †.
You feel very sick.
You take 3 damage, and have 13/51 hp.
You feel sick.
There is a stone staircase leading up here.
You take 1 damage, and have 12/51 hp.
You feel sick.
You climb upwards.
Level annotation: Edmund You feel sick.
Sigmund gestures at you while chanting. The magic dart hits you!
* * * LOW HITPOINT WARNING * * *
Found 7 gold pieces and 5 stones.
There is a stone staircase leading down here.
You take 11 damage, and have 1/51 hp.
MASSIVE DAMAGE!!
Okay, then.
Are you sure you want to abandon this character and quit the game? (Confirm with "yes".)

##.##### #.# #.# #.#
##.### ##'# #....##
##...## # #.....#
##.....##.# #.....#
##.......#.#
#.....####.........@###.
.........+........).....
#....[####......@.....$.
#.#..## ##.(.....#.###.
#....# ##.....## ###.##
##...## #..# ##+# #.##
## ##.### #... .....#
#..# ##.#.# ###.###


You could see Sigmund.

Vanquished Creatures
  A sky beast (D:6)
  A bombardier beetle (D:5)
  2 hounds (D:5)
  An orc priest (D:5)
  3 iguanas (D:5)
  4 adders
  A shadow imp (D:5)
  A white imp (D:5)
  2 dart slugs
  An orc (D:5)
  7 ball pythons
  2 bats
  An endoplasm (D:3)
  3 giant cockroaches
  3 goblins
  6 hobgoblins
  4 jackals
  7 kobolds
  3 rats
53 creatures vanquished.

Notes
Turn   | Place    | Note
-------+----------+-------------------------------------------
     0 | D:1      | jasper the Mountain Dwarf Fighter began the quest for the
                  | Orb.
     0 | D:1      | Reached XP level 1. HP: 19/19 MP: 1/1
   264 | D:1      | Reached skill level 3 in Axes
   289 | D:1      | Reached XP level 2. HP: 25/26 MP: 2/2
   576 | D:1      | Reached skill level 4 in Axes
  1234 | D:2      | Reached XP level 3. HP: 31/31 MP: 3/3
  1585 | D:2      | Found Jaojieh's Magic Scroll Emporium.
  1594 | D:2      | Bought a scroll of fear for 44 gold pieces
  1594 | D:2      | Bought a scroll of teleportation for 33 gold pieces
  1594 | D:2      | Bought a scroll of identify for 22 gold pieces
  1941 | D:3      | Found an ancient bone altar of Kikubaaqudgha.
  2006 | D:3      | Reached skill level 5 in Axes
  2014 | D:3      | Reached XP level 4. HP: 29/38 MP: 4/4
  2409 | D:4      | Found Ilomat's Magic Scroll Shoppe.
  2412 | D:4      | Bought a scroll of fear for 40 gold pieces
  2817 | D:4      | Noticed a black bear
  2856 | D:5      | Entered Level 5 of the Dungeon
  2876 | D:5      | Reached skill level 6 in Axes
  2936 | D:5      | Reached XP level 5. HP: 30/45 MP: 5/5
  3289 | D:5      | Reached skill level 7 in Axes
  3300 | D:5      | Found a staircase to the Ecumenical Temple.
  3326 | Temple   | Entered the Ecumenical Temple
  3351 | Temple   | Became a worshipper of Warmaster Okawaru
  3558 | D:5      | Found a shimmering altar of Xom.
  3559 | D:5      | Found a shimmering altar of Xom.
  3584 | D:5      | Reached XP level 6. HP: 29/51 MP: 6/6
  3714 | D:5      | Reached skill level 8 in Axes
  3777 | D:5      | Noticed Edmund
  3811 | D:6      | Noticed a cyclops
  3816 | D:6      | Noticed a sky beast
  3835 | D:6      | Killed a sky beast
  3902 | D:5      | Noticed Sigmund
  3902 | D:5      | HP: 1/51 [Sigmund/magic dart (7)]
  3903 | D:5      | Quit the game

Illustrated notes

Levels and vault maps discovered:
D:1:      nagdon_arrival_double_spiral, layout_loops_ring, serial_bayou,
          serial_bayou_lagoon_b, serial_bayou_pond_e, serial_bayou_lagoon_a,
          serial_bayou_lake_a
D:2:      layout_loops_cross, serial_shops, nicolae_lakefront_shop
D:3:      layout_rooms, lemuel_doored_altar
D:4:      layout_basic, serial_shops, nicolae_stop_n_shop_2, uniq_menkaure
D:5:      layout_loops_corners, xom_redecorated, minmay_temple_entry_mist,
          cheibrodos_sewer_entry_bend, uniq_sigmund, uniq_edmund
D:6:      layout_loops_ring, mainiacjoe_overflow_alcove_1,
          nicolae_overflow_two_pavilions
Temple:   nicolae_temple_godzebo

Skill      XL: |  1  2  3  4  5  6 |
---------------+-------------------+-----
Axes           | 3 4 5 6 7 8 |  8.7
Fighting       | |  3.2
Armour         | |  3.2
Shields        | |  3.2

Action                     |  1- 3 |  4- 6 || total
---------------------------+-------+-------++-------
  Melee: War axe           |    75 |   116 ||   191
  Throw: Dart              |     5 |     2 ||     7
         Stone             |       |     5 ||     5
    Use: Scroll            |     7 |     5 ||    12
         Potion            |       |     5 ||     5
 Armour: Scale mail        |    47 |    85 ||   132
  Dodge: Dodged            |    26 |    49 ||    75
  Block: Buckler           |    15 |    24 ||    39

Table legend: (Time is in decaauts)
 A = Elapsed time spent in this place.
 B = Non-inter-level travel time spent in this place.
 C = Inter-level travel time spent in this place.
 D = Time resting spent in this place.
 E = Time spent auto-exploring this place.
 F = Levels seen in this place.
 G = Mean time per level.
                   A        B        C        D        E       F      G
               +--------+--------+--------+--------+--------+-----+--------+
         Total |   4016 |   3646 |    370 |    393 |   2503 |   7 |  573.7 |
       Dungeon |   3965 |   3643 |    322 |    393 |   2503 |   6 |  660.8 |
        Temple |     50 |      2 |     48 |      0 |      0 |   1 |   50.0 |
               +--------+--------+--------+--------+--------+-----+--------+

Top non-repeatable levels by time:
     D:1: 1261 daAuts
     D:5: 894 daAuts
     D:2: 652 daAuts
     D:3: 582 daAuts
     D:4: 454 daAuts
     D:6: 120 daAuts
  Temple: 50 daAuts
